Map: Catalyst LE

Players

Juxtapose

  • Race: Zerg Zerg
  • League: Gold
  • Spawn Location: 5:00

badbunny - Winner!

  • Race: Zerg Zerg
  • League: Platinum
  • Spawn Location: 11:00

VOD

https://youtu.be/dgllMZF2XyQ

Description

I am exactly 5 MMR away from making Platinum League, and I'm quite excited.

This match also takes place on Catalyst, the map with my highest win percentage, and I draw Zerg, which I currently have a 100% win percentage with in the mirror match this Season; my overall strongest match-up in the game!

So can I do it, and do I make it into Platinum League?

Time

  • Played on: Dec. 28, 2017, 1:43 p.m.
  • Length: 14:04
Show
View Real Time Build Order
Export as new Build Order

Juxtapose Zerg 

Build Orders: Hatch First 

Get SALT Encoding   

  12  0:01  Drone  
  13  0:08  Drone  
  14  0:20  Overlord  
  14  0:38  Drone x2  
  16  0:52  Hatchery  
  16  0:53  Drone  
  16  0:59  Drone  
  16  1:03  Extractor  
  16  1:16  Spawning Pool  
  15  1:25  Drone x3  
  18  1:38  Drone  
  19  1:49  Drone  
  20  2:03  Queen  
  20  2:04  Zergling x2  
  20  2:07  Extractor  
  20  2:08  Drone  
  22  2:15  Drone  
  22  2:21  Zergling x2  
  24  2:23  Zergling x2  
  24  2:27  Queen  
  24  2:28  Spine Crawler  
  26  2:33  Zergling x2  
  27  2:37  Overlord  
  27  2:47  Drone  
  28  2:53  Spine Crawler  
  28  2:55  Drone  
  28  2:57  Drone  
  29  3:10  Drone x2  
  29  3:11  Drone  
  32  3:22  Roach Warren  
  32  3:25  Drone  
  32  3:35  Drone x2  
  32  3:36  Drone  
  35  3:47  Drone  
  36  3:48  Overlord  
  36  3:50  Overlord  
  36  4:05  Evolution Chamber  
  36  4:08  Roach  
  36  4:09  Roach x2  
  41  4:10  Drone  
  42  4:19  Queen  
  44  4:26  Roach x2  
  44  4:28  Drone  
  49  4:33  Zerg Missile Weapons Level 1  
  49  4:39  Drone  
  49  4:40  Drone x2  
  49  4:45  Overlord  
  52  4:57  Lair  
  52  5:05  Overlord  
  52  5:06  Drone x4  
  56  5:08  Roach  
  56  5:11  Roach  
  60  5:16  Overlord  
  60  5:24  Drone x2  
  60  5:26  Roach x2  
  66  5:35  Queen  
  66  5:37  Overlord  
  66  5:38  Roach  
  66  5:40  Roach  
  72  5:50  Extractor  
  72  5:51  Drone x2  
  72  5:52  Extractor  
  72  5:53  Roach x2  
  72  5:54  Overlord  
  76  6:17  Spire  
  75  6:19  Roach x4  
  75  6:20  Roach x3  
  82  6:57  Roach x2  
  82  6:58  Roach x6  
  84  7:14  Drone  
  84  7:15  Drone x3  
  88  7:29  Mutalisk x2  
  92  7:30  Overlord  
  92  7:31  Overlord  
  92  7:38  Overlord  
  92  7:42  Overlord  
  92  7:44  Zerg Ground Armor Level 1  
  92  7:46  Zerg Flyer Armor Level 1  
  92  7:50  Mutalisk x3  
  92  7:51  Mutalisk  
  98  7:56  Mutalisk  
  102  8:12  Mutalisk x2, Hatchery  
  105  8:13  Overlord  
  105  8:24  Mutalisk  
  107  8:27  Zergling x2  
  107  8:28  Zergling x10  
  107  8:29  Overlord  
  113  8:34  Mutalisk  
  115  8:46  Zergling x2  
  115  8:47  Zergling x4  
  118  8:51  Mutalisk x2  
  104  9:12  Roach  
  104  9:13  Mutalisk, Roach x2, Zergling x4  
  88  9:24  Roach  
  84  9:34  Drone  
  85  9:42  Spine Crawler  
  78  9:53  Mutalisk x5  
  78  9:55  Zergling x2  
  78  9:56  Zergling x4  
  69  10:12  Spine Crawler, Zergling x4  
  69  10:13  Zergling x4  
  55  10:26  Mutalisk x2  
  59  10:38  Drone x2  
  59  10:39  Drone  
  62  10:53  Mutalisk  
  62  10:55  Hatchery  
  63  11:11  Roach x2  
  39  11:35  Drone x6  
  41  11:46  Drone  
  36  11:49  Roach  
  36  11:52  Queen  
  40  12:07  Drone x4  
  40  12:08  Queen  
  46  12:16  Drone x2  
  46  12:21  Spine Crawler  
  47  12:33  Drone x2  
  47  12:34  Drone x4  
  53  12:54  Hydralisk Den  
  53  12:56  Roach x6  
  53  12:57  Roach x2  
  72  13:12  Roach  
  72  13:13  Roach x4  
  72  13:32  Roach x3  
  72  13:33  Roach x2  
Show
View Real Time Build Order
Export as new Build Order

badbunny Zerg - Winner!

Build Orders: Pool First 

Get SALT Encoding   

  12  0:06  Drone  
  13  0:08  Drone  
  14  0:22  Overlord  
  14  0:37  Spawning Pool  
  14  0:38  Drone  
  14  0:46  Drone  
  14  0:47  Drone  
  16  1:02  Drone  
  17  1:21  Drone  
  17  1:23  Hatchery  
  17  1:28  Zergling x2  
  17  1:29  Drone  
  19  1:38  Drone  
  20  1:46  Drone  
  21  1:51  Extractor  
  20  1:56  Zergling x2  
  21  2:05  Zergling x2  
  22  2:18  Overlord  
  22  2:21  Extractor  
  21  2:26  Zergling x2  
  23  2:34  Queen  
  25  2:40  Zergling x2  
  26  2:44  Drone  
  27  2:52  Queen, Zergling x4  
  31  3:05  Overlord  
  31  3:08  Metabolic Boost  
  31  3:10  Queen  
  31  3:11  Drone x2  
  35  3:31  Drone x2  
  35  3:34  Drone x2  
  39  3:44  Roach Warren, Drone x4  
  39  3:46  Drone  
  43  3:55  Drone  
  44  3:57  Overlord  
  44  4:12  Overlord  
  44  4:25  Roach x4  
  44  4:26  Overlord  
  44  4:28  Extractor  
  51  4:35  Extractor  
  51  4:36  Roach  
  51  4:37  Roach  
  54  4:42  Evolution Chamber  
  53  4:46  Evolution Chamber  
  53  4:47  Drone x2  
  53  4:48  Drone x2  
  53  4:50  Roach x5  
  66  5:26  Drone x2  
  68  5:29  Overlord x2  
  68  5:33  Lair  
  68  5:52  Zerg Missile Weapons Level 1  
  68  5:54  Zerg Ground Armor Level 1, Hatchery  
  67  6:01  Drone  
  67  6:02  Drone x4  
  67  6:03  Drone x2  
  74  6:42  Drone x4  
  74  6:45  Roach x2  
  74  6:46  Roach x2  
  83  6:50  Zergling x2  
  83  6:53  Roach  
  83  6:54  Overlord x2  
  74  7:03  Roach x4  
  80  7:12  Hydralisk Den  
  80  7:15  Drone  
  80  7:17  Drone x3  
  80  7:18  Drone  
  84  7:28  Roach  
  84  7:29  Roach x3  
  92  7:36  Queen  
  92  7:43  Roach  
  92  7:44  Hydralisk, Roach x4  
  102  7:46  Overlord x5  
  102  7:51  Zerg Missile Weapons Level 2  
  106  7:57  Overlord x2  
  106  8:03  Glial Reconstitution, Muscular Augments  
  106  8:14  Hydralisk x3  
  106  8:15  Roach  
  106  8:19  Drone  
  115  8:20  Drone x4  
  115  8:24  Extractor  
  118  8:32  Hydralisk x2  
  122  8:54  Hydralisk x4  
  128  9:07  Hydralisk x2  
  115  9:11  Hydralisk  
  105  9:19  Hydralisk  
  105  9:21  Zergling x4  
  105  9:24  Hydralisk  
  107  9:32  Hydralisk  
  109  9:39  Hydralisk  
  109  9:40  Hydralisk  
  95  9:55  Hydralisk  
  95  9:56  Hydralisk x2  
  95  9:57  Zergling x4  
  95  9:58  Zergling x10  
  102  10:03  Spore Crawler  
  102  10:07  Spore Crawler  
  96  10:08  Spore Crawler  
  96  10:10  Spore Crawler  
  96  10:11  Spore Crawler  
  91  10:20  Hydralisk x2  
  87  10:27  Hydralisk x2  
  71  10:40  Hydralisk x2  
  75  10:48  Drone x2  
  75  10:49  Drone x3  
  80  10:50  Extractor  
  79  10:57  Spore Crawler, Hydralisk x3  
  79  11:02  Zergling x10  
  89  11:10  Hydralisk x2  
  89  11:11  Hydralisk  
  80  11:16  Hydralisk  
  75  11:28  Hydralisk x2  
  75  11:29  Hydralisk  
  77  11:32  Hydralisk  
  77  11:59  Hatchery  
  76  12:01  Hydralisk x2  
  76  12:02  Hydralisk x4  
  76  12:04  Zergling x2  
  76  12:05  Zergling x8  
  93  12:10  Extractor  
  93  12:14  Hydralisk x2  
  96  12:19  Drone  
  97  12:23  Zergling x2  
  98  12:46  Hydralisk x4  
  98  12:47  Hydralisk x2  
  98  12:48  Zergling x2  
  111  13:08  Hydralisk  
  111  13:09  Zergling x8  
  115  13:20  Hydralisk  
  115  13:21  Hydralisk x3  
Tags
 
Add a new tag
Caveats
  • Supply blocks, unpowered buildings, or Contaminate may cause inaccurate times.
  • Supply counts are checked every 10 seconds.